 Dungeon Crawl Stone Soup version 0.30-a0-385-gfebfb9b408 (webtiles) character file.

Game seed: 15722755210311918728

284 SprigganGuy the Magician (level 6, -1/30 HPs)
             Began as a Spriggan Conjurer on Dec 2, 2022.
             Splashed by a jelly's acid (7 damage)
             ... on level 4 of the Dungeon.
             The game lasted 00:07:03 (3810 turns).

SprigganGuy the Magician (Spriggan Conjurer)        Turns: 3810, Time: 00:07:04

Health: -1/30      AC:  0    Str:  3      XL:     6   Next: 7%
Magic:  7/13       EV: 17    Int: 21      God:
Gold:   185        SH:  0    Dex: 13 (14) Spells: 9/13 levels left

rFire   . . .      SeeInvis +    n - +1 dagger (venom)
rCold   . . .      Faith    .    (no shield)
rNeg    . . .      Spirit   .    a - +1 robe
rPois   .          Reflect  .    (helmet restricted)
rElec   .          Harm     .    o - +0 cloak
rCorr   .          Rampage  .    (gloves unavailable)
Will    +....                    (boots unavailable)
Stlth   ++........               (no amulet)
HPRegen 0.25/turn                (no ring)
MPRegen 0.13/turn                (no ring)

@: corroded, very quick
A: very small, no large weapons, unfitting armour, see invisible, speed 3
a: no special abilities


You were on level 4 of the Dungeon.
You visited 1 branch of the dungeon, and saw 4 of its levels.

You collected 185 gold pieces.

Inventory:

Hand Weapons
 e - a +0 dagger of protection
 n - a +1 dagger of venom (weapon)
Armour
 a - a +1 robe (worn)
 o - a +0 cloak (worn)
Magical Staves
 d - a staff of air
Scrolls
 f - 2 scrolls of silence
 g - 2 scrolls of identify
 h - a scroll of fear
 k - a scroll of torment {unknown}
 l - a scroll of butterflies {unknown}
 m - 3 scrolls of poison {unknown}
Potions
 b - a potion of magic
 c - a potion of attraction
 i - 2 potions of mutation
 j - a potion of degeneration {unknown}


   Skills:
 + Level 1.5 Fighting
 + Level 2.6 Short Blades
 - Level 2.6 Dodging
 - Level 3.0 Stealth
 + Level 4.4 Spellcasting
 - Level 4.0 Conjurations
 + Level 2.1 Hexes


You had 9 spell levels left.
You knew the following spells:

 Your Spells              Type           Power      Damage    Failure   Level
a - Magic Dart            Conj           84%        1d7       2%          1
b - Dazzling Flash        Conj/Hex       34%        N/A       10%         3

Your spell library contained the following spells:

 Spells                   Type           Power      Damage    Failure   Level
 Searing Ray              Conj           42%        2d6       3%          2
 Ensorcelled Hibernation  Hex/Ice        18%        N/A       11%         2
 Summon Small Mammal      Summ           16%        N/A       12%         1
 Passwall                 Tmut/Erth      3%         N/A       17%         2
 Summon Guardian Golem    Hex/Summ       9%         N/A       22%         3
 Fulminant Prism          Conj/Hex       8%         3d7       32%         4
 Call Canine Familiar     Summ           4%         N/A       34%         3
 Swiftness                Air            4%         N/A       34%         3
 Iskenderun's Mystic Bla  Conj/Tloc      13%        2d5       45%         4
 Summon Ice Beast         Ice/Summ       4%         N/A       75%         4
 Summon Mana Viper        Hex/Summ       9%         N/A       90%         5
 Monstrous Menagerie      Summ           2%         N/A       100%        7


Dungeon Overview and Level Annotations

Branches:
Dungeon (4/15)
 Temple: D:4-7

Altars:
Cheibriados
Okawaru
Xom
Yredelemnul
Zin

Shops:
D:2 ([   D:3 :


Innate Abilities, Weirdness & Mutations

You are very small and have problems with some larger weapons.
You are too small for most types of armour.
You have supernaturally acute eyesight. (SInv)
You cover ground extremely quickly. (Speed+++)


Message History

The quasit claws you.
You feel clumsy.
You hit the quasit but do no damage.
The quasit is severely wounded.
The quasit bites you but does no damage.
The quasit closely misses you. x2
You barely miss the quasit. Your punch misses the quasit.
The quasit is severely wounded.
The quasit misses you. The quasit closely misses you.
The quasit completely misses you.
You hit the quasit.
The quasit is poisoned.
The quasit is severely wounded.
The quasit closely misses you. The quasit completely misses you.
The quasit misses you.
You miss the quasit.
The quasit is almost dead.
You kill the quasit!
Training target 4.0 for Conjurations reached!
Your Conjurations skill increases to level 4!
You have reached level 6!
You hit the jelly.
Your hands burn!
The jelly is lightly wounded.
The jelly misses you.
Casting: Magic Dart (safe; 2% risk of failure)
Confirm with . or Enter, or press ? or * to list all spells.
Okay, then.
Unknown command.
Casting: Magic Dart (safe; 2% risk of failure)
Confirm with . or Enter, or press ? or * to list all spells.
Casting: Dazzling Flash (quite dangerous; 10% risk of failure)
Press: ? - help, Dir - look around, f - activate The shadow imp is dazzled.
The jelly hits you. The acid corrodes you!
You are splashed with acid!
You hit the jelly but do no damage.
The jelly is poisoned.
Your hands burn!
* * * LOW HITPOINT WARNING * * *
The jelly is lightly wounded.
The jelly hits you.
* * * LOW HITPOINT WARNING * * *
You are splashed with acid!
You die...

###...###
##.#...#
####...#<##
+........#
####...#.##
#.........#
#.#####.#.#
#.# ..#.#
#@# ### #
#J# #5#
#5..5....
.###.....
.. .... ...
... .... ..
..... #


You could see a jelly (very poisoned), a white imp and a shadow imp (blind).

Vanquished Creatures
  A quasit (D:4)
  Crazy Yiuf (D:3)
  Natasha (thrice) (D:2)
  5 gnolls
  3 adders (D:3)
  A worm (D:2)
  4 dart slugs
  An orc (D:3)
  4 bats
  10 endoplasms
  A giant cockroach (D:3)
  6 hobgoblins
  4 quokkas
  5 ball pythons
  5 frilled lizards
  6 goblins
  2 kobolds (D:1)
  9 rats
71 creatures vanquished.

Notes
Turn   | Place    | Note
-------+----------+-------------------------------------------
     0 | D:1      | SprigganGuy the Spriggan Conjurer began the quest for the
                  | Orb.
     0 | D:1      | Reached XP level 1. HP: 9/9 MP: 5/5
   323 | D:1      | Reached XP level 2. HP: 9/13 MP: 0/7
   758 | D:1      | Reached XP level 3. HP: 17/17 MP: 5/8
   983 | D:1      | Learned a level 3 spell: Dazzling Flash
  1024 | D:1      | Reached skill level 1 in Short Blades
  1477 | D:2      | Found Teumnuargh's Armour Emporium.
  1543 | D:2      | Found Kaesoz's Weapon Shop.
  1601 | D:2      | Found a snail-covered altar of Cheibriados.
  1601 | D:2      | Noticed Natasha
  1609 | D:2      | Killed Natasha
  1610 | D:2      | Reached XP level 4. HP: 14/21 MP: 1/10
  1803 | D:2      | Reached skill level 1 in Fighting
  1872 | D:2      | Noticed Natasha
  1936 | D:2      | Killed Natasha
  1937 | D:2      | Reached skill level 1 in Hexes
  2116 | D:2      | Noticed Natasha
  2121 | D:2      | Killed Natasha
  2122 | D:2      | Reached XP level 5. HP: 19/25 MP: 5/12
  2621 | D:2      | Identified the +1 chain mail "Liquta" {Dex+7}
  2949 | D:3      | Found a shimmering altar of Xom.
  2949 | D:3      | Found a glowing silver altar of Zin.
  2949 | D:3      | Noticed an angel
  3262 | D:3      | Found Jatout's Book Shoppe.
  3288 | D:3      | Found an iron altar of Okawaru.
  3462 | D:3      | Found a runed translucent door.
  3463 | D:3      | Noticed Crazy Yiuf
  3618 | D:3      | Found a basalt altar of Yredelemnul.
  3734 | D:3      | Killed Crazy Yiuf
  3808 | D:4      | Reached XP level 6. HP: 26/30 MP: 10/13
  3810 | D:4      | Splashed by a jelly's acid

Illustrated notes

Levels and vault maps discovered:
D:1:      kennysheep_arrival_forest, layout_loops_ring,
          chequers_serial_rivers_micro_e, minivault_25, roderic_lattice_a,
          chequers_serial_rivers_micro_a, minmay_tromino_v2
D:2:      layout_basic, basic_altar, serial_shops, nicolae_shop_hallway_plus,
          shop_fountains, kennysheep_donut, minmay_fractal_squares_gapless_5,
          uniq_natasha
D:3:      layout_rooms, grunt_temple_overflow_order_and_chaos_1,
          mainiacjoe_overflow_tiny_flanked, mainiacjoe_overflow_small_starburst,
          serial_shops, nicolae_shop_hallway_stairs, uniq_crazy_yiuf_cottage
D:4:      nicolae_cairo_tiling_large, layout_loops_corners,
          lemuel_crystal_altar, minmay_temple_entry_purple_smoke,
          serial_demonic, serial_demonic_a, serial_demonic_a, serial_demonic_g,
          serial_demonic_f, enter_ossuary_1, minmay_misc_feat_rugged, uniq_robin

Skill      XL: |  1  2  3  4  5 |
---------------+----------------+-----
Conjurations   | 3 4 |  4.0
Spellcasting   | 3 4 |  4.4
Short Blades   | 1 2 |  2.6
Fighting       | 1 |  1.5
Hexes          | 1 2 |  2.1
Dodging        | |  2.6
Stealth        | |  3.0

Action                   |  1- 3 |  4- 6 || total
-------------------------+-------+-------++-------
Melee: Staff             |     9 |       ||     9
       Unarmed           |     8 |       ||     8
       Dagger            |     9 |    64 ||    73
 Cast: Magic Dart        |    76 |   101 ||   177
       Dazzling Flash    |       |     1 ||     1
  Use: Scroll            |       |     6 ||     6
 Stab: Sleeping          |       |     1 ||     1
Armor: Robe              |     2 |    18 ||    20
Dodge: Dodged            |    22 |    73 ||    95

Table legend: (Time is in decaauts)
 A = Elapsed time spent in this place.
 B = Non-inter-level travel time spent in this place.
 C = Inter-level travel time spent in this place.
 D = Time resting spent in this place.
 E = Time spent auto-exploring this place.
 F = Levels seen in this place.
 G = Mean time per level.
                   A        B        C        D        E       F      G
               +--------+--------+--------+--------+--------+-----+--------+
         Total |   3055 |   3010 |     45 |    464 |   2066 |   4 |  763.8 |
       Dungeon |   3055 |   3010 |     45 |    464 |   2066 |   4 |  763.8 |
               +--------+--------+--------+--------+--------+-----+--------+

Top non-repeatable levels by time:
     D:1: 1249 daAuts
     D:2: 1035 daAuts
     D:3: 744 daAuts
     D:4: 27 daAuts
